 Dungeon Crawl Stone Soup version 0.23.2-11-gf996548 (webtiles) character file.

Game seed: 10681621980059926307

9982 IBeShadow the Fighter (level 11, -6/99 HPs)
             Began as a Purple Draconian Fire Elementalist on June 3, 2019.
             Was an Elder of Vehumet.
             Mangled by Harold
             ... wielding a +0 halberd
              (21 damage)
             ... on level 9 of the Dungeon.
             The game lasted 00:31:15 (16161 turns).

IBeShadow the Fighter (DrFE)                       Turns: 16161, Time: 00:31:16

Health: -6/99      AC:  7    Str: 14    XL:     11   Next: 30%
Magic:  0/25       EV: 12    Int: 20    God:    Vehumet [****..]
Gold:   736        SH:  0    Dex: 11    Spells: 2/17 levels left

rFire    . . .     SeeInvis .   m - +0 quarterstaff
rCold    . . .     Gourm    .   (shield currently unavailable)
rNeg     . . .     Faith    .   (armour unavailable)
rPois    .         Spirit   +   (helmet restricted)
rElec    .         Reflect  .   J - scarf {Spirit}
rCorr    .         Harm     .   (no gloves)
MR       +....                  (no boots)
Stlth    ++........             (no amulet)
HPRegen  0.26/turn              p - +4 ring of strength
MPRegen  0.19/turn              w - ring of magical power

@: marked, very slightly contaminated
A: breathe power, unfitting armour, cold-blooded, AC +7
a: Breathe Dispelling Energy, Renounce Religion


You were on level 9 of the Dungeon.
You worshipped Vehumet.
Vehumet was greatly pleased with you.
You were not hungry.

You visited 2 branches of the dungeon, and saw 11 of its levels.
You also visited: Ossuary.

You collected 736 gold pieces.

Inventory:

Hand Weapons
 h - a +0 trident
 m - a +0 quarterstaff (weapon)
Missiles
 y - 4 throwing nets (quivered)
Armour
 l - a +0 buckler
 J - a scarf of spirit shield (worn)
Magical Staves
 v - an uncursed staff of death
Jewellery
 g - an uncursed amulet of rage {unknown}
 p - a +4 ring of strength (left hand)
 w - a ring of magical power (right hand)
Wands
 c - a wand of clouds (6)
 B - a wand of disintegration (14)
 G - a wand of polymorph (6)
Scrolls
 a - 4 scrolls of remove curse
 d - a scroll of magic mapping {unknown}
 f - 3 scrolls of enchant armour
 j - a scroll of amnesia {unknown}
 r - a scroll of fog {unknown}
 s - 3 scrolls of enchant weapon {unknown}
 t - 6 scrolls of immolation
 u - 2 scrolls of random uselessness {unknown}
 x - 2 scrolls of vulnerability {unknown}
 z - a scroll of teleportation
 D - a scroll of fear {unknown}
 H - a scroll of summoning {unknown}
 K - a scroll of blinking {unknown}
Potions
 e - a potion of haste
 i - 3 potions of might
 n - 2 potions of magic
 o - a potion of berserk rage
 q - a potion of curing
 A - 4 potions of brilliance
 C - a potion of ambrosia {unknown}
 E - 2 potions of flight
 F - 5 potions of mutation
 I - a potion of lignification {unknown}
Miscellaneous
 L - a sack of spiders
Comestibles
 b - 16 rations
 k - 6 chunks of flesh


   Skills:
 + Level 9.7 Fighting
 + Level 8.2 Staves
 - Level 1.7 Dodging
 - Level 1.7 Stealth
 + Level 3.7 Spellcasting
 + Level 9.0 Conjurations
 + Level 9.4 Fire Magic
 + Level 2.5 Evocations


You had 2 spell levels left.
You knew the following spells:

 Your Spells              Type           Power        Failure   Level  Hunger
a - Flame Tongue          Conj/Fire      #####        1%          1    None
b - Throw Flame           Conj/Fire      #####.       1%          2    ##.....
c - Conjure Flame         Conj/Fire      #####...     1%          3    ###....
d - Sticky Flame          Conj/Fire      #####...     1%          4    ####...
e - Fireball              Conj/Fire      #####.....   2%          5    ######.

Your spell library contained the following spells:

 Spells                   Type           Power        Failure   Level  Hunger
 Iskenderun's Mystic Bla  Conj           #####...     1%          4    ####...
 Corpse Rot               Necr           N/A          21%         2    ##.....
 Inner Flame              Hex/Fire       ###.....     1%          3    ###....
 Stone Arrow              Conj/Erth      ###...       1%          3    ###....
 Leda's Liquefaction      Hex/Erth       #.........   78%         4    ####...
 Summon Forest            Summ/Tloc      #.........   98%         5    ######.
 Hydra Form               Tmut           #.........   100%        6    #######
 Summon Hydra             Summ           #.........   100%        7    #######


Dungeon Overview and Level Annotations

Branches:
Dungeon (10/15)            Temple (1/1) D:6             Orc (0/2) D:10
   Lair: D:8-11

Altars:
Ashenzari
Cheibriados
Dithmenos
Elyvilon
Fedhas
Gozag
Hepliaklqana
Kikubaaqudgha
Makhleb
Nemelex Xobeh
Okawaru
Qazlal
Ru
Sif Muna
Trog
Uskayaw
Vehumet
Wu Jian
Xom
Yredelemnul
Zin
The Shining One

Shops:
D:8 }   D:9 }

Annotations:
D:9 Harold


Innate Abilities, Weirdness & Mutations

You can breathe bolts of dispelling energy.
Your rich purple scales are hard. (AC +7)
You cannot fit into any form of body armour.
You are cold-blooded and may be slowed by cold attacks.


Message History

Unknown command.
Okay, then.
Harold hits you from afar with a +0 halberd!
* * * LOW HITPOINT WARNING * * *
Okay, then.
Okay, then.
Okay, then.
Okay, then.
Casting: Flame Tongue (safe; 1% risk of failure)
Confirm with . or Enter, or press ? or * to list all spells.
Okay, then.
Evoke which item? (* to show all) (? for menu, Esc to quit)
Okay, then.
Harold closely misses you.
Press: ? - help, v - describe, . - travel The floor, spattered with blood.
You feel better. Harold hits you with a +0 halberd!
* * * LOW HITPOINT WARNING * * *
You feel better. Harold hits you with a +0 halberd!!
You die...

.# #.#
.#######################.########
.................................
.................................
..#############.################.
..# #.# #. ..#############.# #.
................################.
...............@@................
.............>...#############.##
..#############..# #.# ..# #..#
#.# ..# #..#############.##
..#############..................
...†.............................
.################..##############
.# #..# #


You could see Harold.

Vanquished Creatures
  4 two-headed ogres
  Erica (D:8)
  A wizard (D:10)
  Psyche (D:8)
  A troll (D:10)
  Grinder (D:6)
  3 hippogriffs
  2 humans
  3 wyverns
  2 hungry ghosts
  Menkaure (Ossuary)
  3 sky beasts
  2 ice beasts
  4 orc warriors
  A black bear (D:10)
  3 phantoms
  3 centaurs (D:8)
  4 ogres
  A big kobold (D:9)
  4 bullfrogs
  2 scorpions
  A bullfrog zombie (D:2)
  4 crimson imps
  2 quasits
  2 jellies
  8 hounds
  A centaur skeleton (D:4)
  8 orc priests
  A bullfrog skeleton (D:10)
  11 orc wizards
  4 iguanas
  6 worker ants
  A hound zombie (D:5)
  2 hound skeletons
  3 mummies (Ossuary)
  7 gnolls
  13 adders
  A shadow imp (D:5)
  4 worms
  3 leopard geckos
  54 orcs
  5 ball pythons
  11 bats
  5 giant cockroaches
  11 goblins
  4 hobgoblins
  14 jackals
  2 quokkas
  10 frilled lizards
  2 gnoll skeletons (Ossuary)
  7 gnoll zombies (Ossuary)
  4 goblin skeletons (Ossuary)
  3 goblin zombies (Ossuary)
  A hobgoblin skeleton (Ossuary)
  4 hobgoblin zombies (Ossuary)
  12 kobolds
  9 kobold skeletons (Ossuary)
  3 kobold zombies (Ossuary)
  A leopard gecko zombie (D:5)
  6 orc skeletons (Ossuary)
  4 orc zombies (Ossuary)
  A rat (D:2)
  2 rat skeletons (Ossuary)
  4 rat zombies (Ossuary)
308 creatures vanquished.

Vanquished Creatures (others)
  An orc skeleton (Ossuary)
  5 toadstools (D:1)
6 creatures vanquished.

Grand Total: 314 creatures vanquished

Notes
Turn   | Place    | Note
-------+----------+-------------------------------------------
     0 | D:1      | IBeShadow the Draconian Fire Elementalist began the quest
                  | for the Orb.
     0 | D:1      | Reached XP level 1. HP: 14/14 MP: 3/3
   289 | D:1      | Reached XP level 2. HP: 22/22 MP: 5/5
   336 | D:1      | Reached skill level 1 in Fighting
  1323 | D:2      | Reached XP level 3. HP: 4/29 MP: 0/6
  1667 | D:2      | Found a sparkling altar of Nemelex Xobeh.
  1819 | D:2      | Reached XP level 4. HP: 20/36 MP: 7/7
  1996 | D:2      | Learned a level 2 spell: Throw Flame
  2000 | D:2      | Learned a level 3 spell: Conjure Flame
  3027 | D:3      | Reached XP level 5. HP: 44/44 MP: 6/8
  3996 | D:4      | Noticed an ogre
  4004 | D:4      | Killed an ogre
  4004 | D:4      | Reached skill level 1 in Staves
  4004 | D:4      | Reached XP level 6. HP: 52/52 MP: 6/9
  4395 | D:4      | Found a burning altar of Makhleb.
  4665 | D:4      | Found an iron altar of Okawaru.
  4811 | D:4      | Reached skill level 5 in Fire Magic
  4811 | D:4      | Your scales start taking on a rich purple colour.
  4811 | D:4      | Reached XP level 7. HP: 50/59 MP: 10/10
  4878 | D:4      | Identified the cursed +0 leather armour of the Armadillo
                  | {rElec Int+4 Stlth+}
  4923 | D:5      | Entered Level 5 of the Dungeon
  5410 | D:5      | Learned a level 4 spell: Sticky Flame
  5918 | D:6      | Noticed Grinder
  6179 | D:4      | Noticed an angel
  6180 | D:4      | Found a glowing silver altar of Zin.
  6204 | D:4      | Found a shimmering altar of Xom.
  6205 | D:4      | Found a hazy altar of Hepliaklqana.
  6205 | D:4      | Noticed a wyvern
  6206 | D:4      | Noticed a wyvern
  6206 | D:4      | Noticed a spectral ugly thing
  6658 | D:5      | Reached skill level 5 in Fighting
  7164 | D:5      | Reached XP level 8. HP: 48/68 MP: 11/11
  7530 | D:6      | Found a staircase to the Ecumenical Temple.
  7548 | D:6      | Reached skill level 5 in Conjurations
  7556 | Temple   | Entered the Ecumenical Temple
  8380 | D:6      | Found a radiant altar of Vehumet.
  8435 | D:6      | Became a worshipper of Vehumet
  8960 | D:6      | Paralysed by Grinder for 5 turns
  8973 | D:6      | Killed Grinder
  9542 | D:7      | Reached XP level 9. HP: 44/78 MP: 12/12
  9754 | D:7      | Reached skill level 5 in Staves
 10192 | D:7      | Found a hide-covered altar of Uskayaw.
 10195 | D:7      | Noticed a +0 hand axe
 10195 | D:7      | Noticed a +0 dagger
 10479 | D:8      | Found a sand-covered staircase.
 10491 | Ossuary  | Entered an ossuary
 10522 | Ossuary  | Reached * piety under Vehumet
 10522 | Ossuary  | Offered knowledge of Freeze by Vehumet.
 10726 | Ossuary  | Reached ** piety under Vehumet
 10726 | Ossuary  | Offered knowledge of Sting by Vehumet.
 10766 | Ossuary  | Noticed Menkaure
 10773 | Ossuary  | Killed Menkaure
 10878 | D:8      | Found a deep blue altar of Sif Muna.
 10880 | D:8      | Noticed Psyche
 10891 | D:8      | Killed Psyche
 10933 | D:8      | Offered knowledge of Dazzling Spray by Vehumet.
 11116 | D:8      | Noticed a two-headed ogre
 11340 | D:8      | Killed a two-headed ogre
 11340 | D:8      | Reached XP level 10. HP: 66/88 MP: 13/13
 11477 | D:8      | Noticed Erica
 11490 | D:8      | HP: 4/88 [Erica/bolt of poison (19)]
 11494 | D:8      | Killed Erica
 11494 | D:8      | Reached *** piety under Vehumet
 11916 | D:8      | Found a shattered altar of Ashenzari.
 12259 | D:8      | Found Bareoxt's Gadget Boutique.
 12953 | D:9      | Found Saurrey's Gadget Emporium.
 13034 | D:9      | Noticed a two-headed ogre
 13044 | D:9      | Killed a two-headed ogre
 13221 | D:9      | Offered knowledge of Ignite Poison by Vehumet.
 13347 | D:9      | Found a stormy altar of Qazlal.
 13784 | D:10     | Entered Level 10 of the Dungeon
 13784 | D:10     | Noticed a deep elf knight
 13784 | D:10     | Noticed a wizard
 13784 | D:10     | Noticed a +3 long sword
 13787 | D:10     | Noticed an orc knight
 13788 | D:10     | Noticed Harold
 14272 | D:10     | Noticed a two-headed ogre
 14280 | D:10     | Killed a two-headed ogre
 14280 | D:10     | Reached skill level 1 in Evocations
 14280 | D:10     | Reached XP level 11. HP: 75/97 MP: 2/15
 14656 | D:10     | Noticed a six-headed hydra
 15199 | D:10     | Reached **** piety under Vehumet
 15320 | D:10     | Noticed a two-headed ogre
 15337 | D:10     | Killed a two-headed ogre
 15491 | D:10     | Learned a level 5 spell: Fireball
 15507 | D:10     | Offered knowledge of Iskenderun's Mystic Blast by Vehumet.
 15800 | D:10     | Found a staircase to the Orcish Mines.
 15839 | D:10     | Killed a wizard
 16161 | D:9      | Mangled by Harold

Skill      XL: |  1  2  3  4  5  6  7  8  9 10 11 |
---------------+----------------------------------+-----
Fighting       | 2 3 4 5 6 8 9 |  9.7
Conjurations   | 2 3 4 6 7 8 9 |  9.0
Fire Magic     | 4 5 6 8 9 |  9.4
Staves         | 1 2 3 4 6 7 8 |  8.2
Evocations     | 1 2 |  2.5
Spellcasting   | 3 |  3.7
Dodging        | |  1.7
Stealth        | |  1.7

Action                   |  1- 3 |  4- 6 |  7- 9 | 10-12 || total
-------------------------+-------+-------+-------+-------++-------
Melee: Club              |    28 |       |       |       ||    28
       Unarmed           |     6 |       |       |       ||     6
       Hand axe          |    57 |    33 |       |       ||    90
       Tailslap          |     4 |    23 |    34 |    23 ||    84
       Flail             |       |    40 |       |       ||    40
       Quarterstaff      |       |   135 |   383 |   191 ||   709
 Cast: Flame Tongue      |    11 |    27 |    74 |    61 ||   173
       Throw Flame       |       |    10 |    23 |    59 ||    92
       Sticky Flame      |       |       |    22 |    20 ||    42
       Conjure Flame     |       |       |     1 |     8 ||     9
 Abil: Breathe Dispellin |       |       |     3 |     2 ||     5
  Use: Potion            |     1 |       |     3 |     6 ||    10
       Scroll            |       |       |    12 |     4 ||    16
 Stab: Sleeping          |     1 |     6 |     4 |     2 ||    13
  Eat: Chunk             |     3 |    11 |    23 |    23 ||    60
       Ration            |       |       |     2 |     1 ||     3
Armor: Skin              |    36 |    80 |   114 |    85 ||   315
Dodge: Dodged            |    89 |   158 |   281 |   159 ||   687
